 Dungeon Crawl Stone Soup version 0.27.1-35-g4d5d836560 (webtiles) character file.

Game seed: 2887289396869332336

1019 Froggeryz the Insei (level 8, -2/56 HPs)
             Began as an Octopode Monk on Dec 2, 2022.
             Was an Initiate of Gozag.
             Slain by a wyvern zombie (14 damage)
             ... on level 6 of the Dungeon.
             The game lasted 00:04:45 (5738 turns).

Froggeryz the Insei (Octopode Monk)                 Turns: 5738, Time: 00:04:46

Health: -2/56      AC:  1    Str: 12    XL:     8   Next: 22%
Magic:  8/8        EV: 15    Int: 12    God:    Gozag
Gold:   402        SH:  0    Dex: 15    Spells: 7/7 levels left

rFire    + . .     SeeInvis .     - Unarmed
rCold    . . .     Faith    .   (no shield)
rNeg     + . .     Spirit   .   (helmet restricted)
rPois    .         Reflect  .   k - amulet of the acrobat
rElec    .         Harm     .   l - ring of protection from fire
rCorr    +         Rampage  .   m - ring of resist corrosion
Will     .....                  o - ring of positive energy
Stlth    ++++......             (no ring)
HPRegen  0.18/turn              (no ring)
MPRegen  0.11/turn              (no ring)
                                (no ring)
                                (no ring)

@: no status effects
A: almost no armour, amphibious, 8 rings, camouflage 1, gelatinous body 1,
(nimble swimmer 1), tentacles
a: Renounce Religion, Potion Petition, Call Merchant, Bribe Branch


You were on level 6 of the Dungeon.
You worshipped Gozag.
Gozag was aware of your devotion.
You visited 2 branches of the dungeon, and saw 7 of its levels.

You collected 402 gold pieces.

Inventory:

Missiles
 n - 6 boomerangs (quivered)
Jewellery
 k - an amulet of the acrobat (around mantle)
 l - a ring of protection from fire (left tentacle)
 m - a ring of resist corrosion (right tentacle)
 o - a ring of positive energy (on tentacle)
Scrolls
 d - a scroll of enchant armour {unknown}
 f - a scroll of amnesia {unknown}
 j - 2 scrolls of magic mapping
 p - a scroll of teleportation
 q - a scroll of immolation {unknown}
 r - a scroll of enchant weapon {unknown}
Potions
 a - a potion of invisibility {unknown}
 b - 2 potions of berserk rage
 c - 2 potions of attraction {unknown}
 e - a potion of curing {unknown}
 g - a potion of heal wounds
 h - 2 potions of brilliance {unknown}
 i - a potion of flight {unknown}
 s - a potion of ambrosia {unknown}


   Skills:
 + Level 5.5 Fighting
 + Level 4.4 Dodging
 - Level 5.2 Stealth
 * Level 7.2 Unarmed Combat


You had 7 spell levels left.
You didn't know any spells.
Your spell library contained the following spells:

 Spells                   Type           Power      Damage    Failure   Level
 Magic Dart               Conj           0%         1d3       32%         1
 Searing Ray              Conj           0%         3d3       45%         2
 Fulminant Prism          Conj/Hex       0%         3d6       97%         4


Dungeon Overview and Level Annotations

Branches:
Dungeon (6/15)             Temple (1/1) D:4

Altars:
Ashenzari
Cheibriados
Dithmenos
Elyvilon
Fedhas
Gozag
Hepliaklqana
Kikubaaqudgha
Makhleb
Nemelex Xobeh
Okawaru
Qazlal
Sif Muna
Trog
Uskayaw
Vehumet
Wu Jian
Xom
Yredelemnul
Zin
The Shining One

Shops:
D:3 [   D:5 [

Annotations:
D:3 1 runed translucent door, Crazy Yiuf


Innate Abilities, Weirdness & Mutations

You cannot wear most types of armour.
You are amphibious.
You can wear up to eight rings at the same time.
Your skin changes colour to match your surroundings (Stealth+).
Your rubbery body absorbs attacks. (AC +1, EV +1)
((You are camouflaged near water. (Stealth+)))
You have tentacles for arms and can constrict up to eight enemies at once.


Message History

You tentacle-slap the water moccasin zombie.
You destroy the water moccasin zombie!
The wyvern zombie bites you!
* * * LOW HITPOINT WARNING * * *
You tentacle-slap the wyvern zombie. x2
The wyvern zombie is lightly damaged.
The wyvern zombie bites you!
* * * LOW HITPOINT WARNING * * *
You feel much better.
The wyvern zombie completely misses you.
The wyvern zombie barely misses you.
You bludgeon the wyvern zombie!
The wyvern zombie is moderately damaged.
The wyvern zombie is distracted by your dazzling golden aura.
You strike the helpless wyvern zombie from behind!
You tentacle-slap the wyvern zombie.
The wyvern zombie is no longer distracted by gold.
The wyvern zombie is moderately damaged.
The wyvern zombie barely misses you.
You tentacle-slap the wyvern zombie. You squeeze the wyvern zombie.
The wyvern zombie is heavily damaged.
The wyvern zombie bites you!
You tentacle-slap the wyvern zombie but do no damage.
The wyvern zombie is heavily damaged.
The wyvern zombie completely misses you.
You tentacle-slap the wyvern zombie but do no damage.
The wyvern zombie is heavily damaged.
The wyvern zombie bites you!
* * * LOW HITPOINT WARNING * * *
You barely miss the wyvern zombie.
The wyvern zombie is heavily damaged.
The wyvern zombie misses you.
You barely miss the wyvern zombie.
The wyvern zombie is heavily damaged.
The wyvern zombie barely misses you.
You tentacle-slap the wyvern zombie. You squeeze the wyvern zombie.
The wyvern zombie is severely damaged.
The wyvern zombie barely misses you. The wyvern zombie bites you!
You die...
Your body crumbles into a pile of gold.

+..#.#...<#...........
#.....................
+.....................
#.....................
.......................
.......................
#...........###....###
..#.........##.....# .
#.........##.@$..#
#.......####PZP≈..#
###.#+#.# #..≈≈..# ...
..# #P≈≈≈≈.# ## ####
#.≈≈≈..# ..≈≈≈≈P#
#...≈P.# #..##.##


You could see a wyvern zombie.

Vanquished Creatures
  An ice beast (D:5)
  2 black bears (D:5)
  A sky beast (D:5)
  An ogre (D:4)
  A centaur (D:6)
  A scorpion (D:5)
  2 water moccasin zombies (D:6)
  A bullfrog zombie (D:6)
  A centaur zombie (D:5)
  An orc priest (D:5)
  A hound (D:5)
  Terence (D:2)
  2 iguanas (D:4)
  A howler monkey zombie (D:5)
  3 adders
  A worm (D:2)
  4 dart slugs
  2 orcs
  7 endoplasms
  5 giant cockroaches
  5 goblins
  6 hobgoblins
  3 jackals (D:2)
  13 kobolds
  2 quokkas (D:1)
  10 ball pythons
  4 bats
  4 frilled lizards
  6 rats
92 creatures vanquished.

Notes
Turn   | Place    | Note
-------+----------+-------------------------------------------
     0 | D:1      | Froggeryz the Octopode Monk began the quest for the Orb.
     0 | D:1      | Reached XP level 1. HP: 16/16 MP: 1/1
   231 | D:1      | Reached XP level 2. HP: 21/21 MP: 2/2
   507 | D:1      | Found a faded altar of an unknown god.
   517 | D:1      | Reached XP level 3. HP: 26/26 MP: 3/3
  1268 | D:2      | Reached skill level 4 in Unarmed Combat
  1281 | D:2      | Reached XP level 4. HP: 29/31 MP: 4/4
  1656 | D:2      | Noticed Terence
  1657 | D:2      | Found an iron altar of Okawaru.
  1666 | D:2      | Killed Terence
  2288 | D:3      | Reached XP level 5. HP: 37/37 MP: 5/5
  2324 | D:3      | You fall into a shaft and drop 2 floors!
  2324 | D:5      | Entered Level 5 of the Dungeon
  2534 | D:5      | Found Oceimeff's Antique Armour Boutique.
  2863 | D:3      | Reached skill level 5 in Unarmed Combat
  3030 | D:3      | Found a runed translucent door.
  3031 | D:3      | Noticed Crazy Yiuf
  3068 | D:3      | Found Koumuuj's Armour Boutique.
  3448 | D:4      | Reached XP level 6. HP: 38/43 MP: 6/6
  3543 | D:4      | Reached skill level 5 in Stealth
  3995 | D:4      | Found a staircase to the Ecumenical Temple.
  4035 | Temple   | Entered the Ecumenical Temple
  4202 | Temple   | Became a worshipper of Gozag Ym Sagoz the Greedy
  4829 | D:5      | Reached XP level 7. HP: 49/49 MP: 7/7
  5012 | D:5      | Reached skill level 6 in Unarmed Combat
  5182 | D:5      | Reached skill level 5 in Fighting
  5663 | D:6      | Reached XP level 8. HP: 49/55 MP: 8/8
  5667 | D:6      | Reached skill level 7 in Unarmed Combat
  5738 | D:6      | Slain by a wyvern zombie

Illustrated notes

Levels and vault maps discovered:
D:1:      tarquinn_simple_flora_water_b, layout_loops_ring,
          ebering_ecumenical_altar_webs, chequers_serial_rivers_large_a
D:2:      minmay_skewed_foursquare, layout_loops_ring, basic_altar, uniq_terence
D:3:      layout_rooms, serial_shops, shop_statue, uniq_crazy_yiuf_cottage
D:4:      layout_layer_cave, temple_fountains
D:5:      layout_cave_pods, serial_shops, kennysheep_mini_moat, minivault_14
D:6:      layout_basic, serial_undead, serial_undead_d, serial_undead_a,
          serial_undead_f, serial_undead_f, serial_undead_c, serial_undead_d,
          uniq_prince_ribbit1
Temple:   minmay_crystal_snake_temple

Skill      XL: |  1  2  3  4  5  6  7  8 |
---------------+-------------------------+-----
Stealth        | 3 4 5 |  5.2
Unarmed Combat | 4 5 6 7 |  7.2
Fighting       | 4 5 |  5.5
Dodging        | 4 |  4.4

Action                   |  1- 3 |  4- 6 |  7- 9 || total
-------------------------+-------+-------+-------++-------
Melee: Unarmed           |    65 |   119 |    48 ||   232
       Constrict         |    16 |    20 |     5 ||    41
       Tentacles         |    11 |    25 |    13 ||    49
       Punch             |     1 |     4 |     4 ||     9
Throw: Boomerang         |       |       |     5 ||     5
  Use: Scroll            |       |     5 |       ||     5
       Potion            |       |       |     1 ||     1
 Stab: Sleeping          |    13 |    12 |     2 ||    27
       Distracted        |     1 |       |     1 ||     2
Armor: Skin              |     4 |     7 |     2 ||    13
Dodge: Dodged            |    27 |    73 |    44 ||   144
